 Dungeon Crawl Stone Soup version 0.30.1-9-gdf580d7c3d (webtiles) character file.

Game seed: 2531861666521539060

5280 safid the Frost Mage (level 10, -2/79 HPs)
             Began as a Merfolk Ice Elementalist on Oct 16, 2023.
             Was a Follower of Vehumet.
             Slain by a bone dragon (13 damage)
             ... on level 2 of the Abyss.
             The game lasted 00:16:41 (9541 turns).

safid the Frost Mage (Merfolk Ice Elementalist)     Turns: 9541, Time: 00:16:43

Health: -2/79      AC:  7    Str:  9    XL:     10   Next: 63%
Magic:  20/20      EV: 16    Int: 21    God:    Vehumet [*.....]
Gold:   342        SH:  0    Dex: 15    Spells: 7/22 levels left

rFire   x . .        D - +6 falchion "Teiviv" {pain, rPois rF- rN+ Int+3}
rCold   . . .        (no shield)
rNeg    + + .        a - +0 robe
rPois   +            g - +0 helmet
rElec   .            (no cloak)
rCorr   .            (no gloves)
SInv    .            (no boots)
Will    .....        (no amulet)
Stlth   ++           o - ring of positive energy
HPRegen 0.33/turn    A - +4 ring of protection
MPRegen 0.17/turn

%: no passive effects
@: about to teleport
A: (nimble swimmer 2), mertail
a: Renounce Religion


You were on level 2 of the Abyss.
You worshipped Vehumet.
Vehumet was aware of your devotion.
You visited 2 branches of the dungeon, and saw 10 of its levels.
You visited the Abyss 1 time.

You collected 462 gold pieces.
You spent 120 gold pieces at shops.

Inventory:

Hand Weapons
 D - the +6 falchion "Teiviv" (weapon) {pain, rPois rF- rN+ Int+3}
   (You found it on level 5 of the Dungeon)

   Int:       It affects your intelligence (+3).
   rF:        It makes you vulnerable to fire.
   rPois:     It protects you from poison.
   rN:        It protects you from negative energy.
Missiles
 y - 3 curare-tipped darts
Armour
 a - a +0 robe (worn)
 g - a +0 helmet (worn)
Jewellery
 o - a ring of positive energy (left hand)
 A - a +4 ring of protection (right hand)
Wands
 w - a wand of flame (9)
Scrolls
 f - a scroll of fear {unknown}
 i - 2 scrolls of enchant weapon
 k - a scroll of brand weapon
 l - a scroll of silence {unknown}
 m - 3 scrolls of identify
 q - 2 scrolls of amnesia
 r - a scroll of teleportation
 u - a scroll of torment {unknown}
 x - 2 scrolls of noise {unknown}
 C - 4 scrolls of fog {unknown}
 E - a scroll of enchant armour {unknown}
Potions
 b - a potion of magic
 c - 3 potions of might {unknown}
 d - 7 potions of curing
 e - 3 potions of lignification
 h - 3 potions of berserk rage
 j - a potion of flight {unknown}
 n - a potion of haste {unknown}
 p - 5 potions of degeneration {unknown}
 s - 2 potions of cancellation {unknown}
 t - a potion of invisibility {unknown}
 v - a potion of ambrosia {unknown}
 z - 3 potions of heal wounds
 B - 4 potions of brilliance {unknown}


   Skills:
 + Level 7.6 Fighting
 - Level 8.0 Dodging
 - Level 2.1 Stealth
 + Level 6.9 Spellcasting
 - Level 4.0 Conjurations
 + Level 7.1 Transmutations
 + Level 8.9 Ice Magic


You had 7 spell levels left.
You knew the following spells:

 Your Spells              Type           Power      Damage    Failure   Level
a - Freeze                Ice            100%       1d10      1%          1
b - Frozen Ramparts       Ice            88%        1d14      1%          3
c - Ozocubu's Armour      Ice            44%        N/A       1%          3
d - Hailstorm             Conj/Ice       34%        3d9       1%          3
e - Irradiate             Conj/Tmut      15%        3d16      26%         5

Your spell library contained the following spells:

 Spells                   Type           Power      Damage    Failure   Level
 Kiss of Death            Conj/Necr      60%        2d10      4%          1
 Beastly Appendage        Tmut           74%        N/A       1%          1
 Wereblood                Tmut           37%        N/A       1%          2
 Spider Form              Tmut/Pois      22%        N/A       6%          3
 Blade Hands              Tmut           18%        N/A       13%         5
 Lesser Beckoning         Tloc           14%        N/A       14%         2
 Sublimation of Blood     Necr           7%         N/A       14%         2
 Summon Ice Beast         Ice/Summ       25%        N/A       14%         4
 Petrify                  Tmut/Erth      22%        N/A       21%         4
 Call Canine Familiar     Summ           7%         N/A       26%         3
 Gell's Gravitas          Tloc           7%         N/A       26%         3
 Portal Projectile        Hex/Tloc       14%        N/A       26%         3
 Teleport Other           Tloc           7%         N/A       26%         3
 Tukima's Dance           Hex            7%         N/A       26%         3
 Leda's Liquefaction      Hex/Erth       3%         N/A       65%         4


Dungeon Overview and Level Annotations

Branches:
Dungeon (9/15)             Temple (1/1) D:7
   Lair: D:8-11         Orc: D:9-12

Altars:
Cheibriados
Fedhas
Hepliaklqana
Okawaru
Sif Muna
Trog
Uskayaw
Vehumet
Wu Jian
Xom
Yredelemnul
Zin
The Shining One

Shops:
D:6 !


Innate Abilities, Weirdness & Mutations

((You are very nimble when in or above water. (Stealth+, EV+, Speed+++)))
Your lower body shifts to a powerful aquatic tail in water.


Message History

A ynoxinul comes into view.
The ynoxinul gestures.
The ynoxinul gestures at you. The iron shot misses you.
The ynoxinul gestures.
Found a corrupted altar of Lugonu.
The ufetubus misses you. The ufetubus closely misses you.
The ynoxinul gestures.
The ufetubus barely misses you.
The ufetubus hits you but does no damage.
The ufetubus attacks as you move away! The ufetubus misses you. x2
The ufetubus hits you but does no damage.
The ufetubus misses you.
Your legs become a tail as you enter the water.
The ufetubus hits you but does no damage.
The ufetubus closely misses you.
The ufetubus disappears in a puff of smoke!
A white imp comes into view.
The white imp shouts!
The bone dragon closely misses you. The bone dragon barely misses you. x2
The ufetubus disappears in a puff of smoke! x2
The bone dragon bites you!! The bone dragon completely misses you.
The bone dragon misses you. The white imp gestures at you.
The puff of frost misses you.
A chaos spawn comes into view.
As you read the scroll of teleportation, it crumbles to dust.
You feel strangely unstable.
You feel the power of the Abyss delaying your translocation!
The chaos spawn gurgles horribly!
The bone dragon closely misses you. The bone dragon claws you!
The bone dragon closely misses you.
Unknown command.
The bone dragon attacks as you move away!
The bone dragon bites you!!
* * * LOW HITPOINT WARNING * * *
The bone dragon claws you!
* * * LOW HITPOINT WARNING * * *
The bone dragon tramples you!
You die...

# .#.
##..#
#...
###..#
#..#4#
#@#.#
#.#D###
#.##5.#
.# ##
#5.##..#
#.....#
#....##
#...##.##
#.# ยง
#.# #.5
..#


You could see a bone dragon, a white imp and an ufetubus (summoned).

Vanquished Creatures
  A centaur warrior (D:9)
  A two-headed ogre (D:8)
  4 yaks (D:9)
  3 steam dragons
  An acid dragon (D:8)
  2 water moccasins
  2 orc warriors
  2 sky beasts
  A black bear (D:5)
  An ogre (D:7)
  2 centaurs
  2 bullfrogs (D:7)
  2 scorpions
  11 wights
  5 killer bees (D:8)
  4 howler monkeys (D:7)
  3 orc priests
  3 jellies
  3 hounds
  3 iguanas
  A gnoll bouda (D:7)
  11 orc wizards
  7 gnolls
  4 adders
  A shadow imp (D:8)
  A white imp (D:7)
  An ufetubus (D:5)
  3 worms
  A dart slug (D:1)
  28 orcs
  7 ball pythons
  9 endoplasms
  5 giant cockroaches
  9 goblins
  9 hobgoblins
  4 jackals (D:1)
  6 bats
  6 frilled lizards
  6 kobolds
  5 rats
180 creatures vanquished.

Notes
Turn   | Place    | Note
-------+----------+-------------------------------------------
     0 | D:1      | safid the Merfolk Ice Elementalist began the quest for the
                  | Orb.
     0 | D:1      | Reached XP level 1. HP: 13/13 MP: 3/3
   167 | D:1      | Reached XP level 2. HP: 18/20 MP: 3/5
   170 | D:1      | Reached skill level 1 in Fighting
   469 | D:1      | Reached XP level 3. HP: 19/26 MP: 2/6
   476 | D:1      | Learned a level 3 spell: Frozen Ramparts
  1199 | D:2      | Reached skill level 5 in Ice Magic
  1425 | D:2      | Learned a level 3 spell: Ozocubu's Armour
  1429 | D:2      | Reached XP level 4. HP: 33/33 MP: 8/8
  1568 | D:2      | Found a blossoming altar of Fedhas.
  2673 | D:3      | Reached XP level 5. HP: 27/39 MP: 7/9
  2822 | D:3      | Found a bloodstained altar of Trog.
  2823 | D:3      | Found an iron altar of Okawaru.
  3894 | D:4      | Reached XP level 6. HP: 32/47 MP: 3/11
  4336 | D:5      | Entered Level 5 of the Dungeon
  4553 | D:5      | Noticed a black bear
  4558 | D:5      | Killed a black bear
  4816 | D:5      | Reached XP level 7. HP: 37/53 MP: 7/12
  4905 | D:5      | Reached skill level 5 in Dodging
  5145 | D:5      | Identified the +6 falchion "Teiviv" {pain, rPois rF- rN+
                  | Int+3}
  5375 | D:6      | Found Natiqie's Distillery.
  5384 | D:6      | Bought a potion of heal wounds for 60 gold pieces
  5384 | D:6      | Bought a potion of heal wounds for 60 gold pieces
  5619 | D:6      | Learned a level 5 spell: Irradiate
  5630 | D:6      | Noticed a steam dragon
  5640 | D:6      | Killed a steam dragon
  5641 | D:6      | Reached skill level 1 in Transmutations
  5641 | D:6      | Reached XP level 8. HP: 40/61 MP: 7/14
  5778 | D:6      | Reached skill level 1 in Conjurations
  5967 | D:6      | Reached skill level 5 in Fighting
  6077 | D:6      | Learned a level 3 spell: Hailstorm
  6205 | D:6      | Identified the +5 ring mail "Xomi" {rN+ Str+3}
  6527 | D:7      | Reached skill level 5 in Spellcasting
  6556 | D:7      | Reached XP level 9. HP: 62/68 MP: 1/16
  7051 | D:7      | Found a staircase to the Ecumenical Temple.
  7060 | D:7      | Identified the +0 long sword of the Ageing Scorpion {spect,
                  | rElec}
  7067 | Temple   | Entered the Ecumenical Temple
  7075 | Temple   | Became a worshipper of Vehumet
  7106 | D:7      | Found a blossoming altar of Fedhas.
  7704 | D:8      | Reached skill level 5 in Transmutations
  8134 | D:8      | Reached * piety under Vehumet
  8134 | D:8      | Offered knowledge of Kiss of Death by Vehumet.
  8204 | D:8      | Reached XP level 10. HP: 77/77 MP: 15/19
  8325 | D:8      | Noticed a two-headed ogre
  8331 | D:8      | Killed a two-headed ogre
  9271 | D:9      | Noticed a centaur warrior
  9279 | D:9      | Killed a centaur warrior
  9335 | D:9      | Noticed a wizard
  9340 | Abyss:2  | Cast into level 2 of the Abyss (a wizard)
  9372 | Abyss:2  | Noticed a bone dragon
  9406 | Abyss:2  | Noticed a large abomination
  9409 | Abyss:2  | Found a corrupted altar of Lugonu.
  9427 | Abyss:2  | Found a corrupted altar of Lugonu.
  9453 | Abyss:2  | Noticed a spatial maelstrom
  9470 | Abyss:2  | Noticed a starcursed mass
  9471 | Abyss:2  | Found a corrupted altar of Lugonu.
  9512 | Abyss:2  | Found a corrupted altar of Lugonu.
  9541 | Abyss:2  | Slain by a bone dragon

Illustrated notes

Levels and vault maps discovered:
D:1:      dpeg_arrival_prison, layout_basic, grunt_decor_cap,
          minmay_tetromino_t4
D:2:      layout_basic, basic_altar, wad_floor_pattern_1
D:3:      layout_basic, grunt_temple_overflow_bloody_war
D:4:      layout_cave_pods
D:5:      layout_loops_cross
D:6:      layout_loops_ring, serial_shops, shop, dk_vineyard_3,
          serial_bayou_pond_c
D:7:      layout_loops_ring, mainiacjoe_overflow_surrounded_room,
          minmay_temple_entry_sparse_star, nrook_mini_backslash
D:8:      layout_loops_ring
D:9:      layout_roguey, wad_mini_maze
Temple:   eino_narrow_crystal_temple
Abyss:2:  base: D:4, bh_silent_lugonu_exit, evilmike_abyss_exit_15,
          hangedman_steaming_rock

Skill      XL: |  1  2  3  4  5  6  7  8  9 10 |
---------------+-------------------------------+-----
Fighting       | 1 2 3 4 5 6 7 |  7.6
Ice Magic      | 5 6 7 8 |  8.9
Dodging        | 3 4 5 6 7 8 |  8.0
Spellcasting   | 3 4 5 6 |  6.9
Transmutations | 1 3 5 7 |  7.1
Conjurations   | 2 3 4 |  4.0
Stealth        | |  2.1

Action                     |  1- 3 |  4- 6 |  7- 9 | 10-12 || total
---------------------------+-------+-------+-------+-------++-------
  Melee: Unarmed           |    38 |       |       |       ||    38
         Punch             |     1 |       |     6 |       ||     7
         Falchion          |    52 |   103 |   159 |    32 ||   346
   Cast: Freeze            |    25 |    26 |     1 |       ||    52
         Ozocubu's Armour  |       |     6 |    20 |     8 ||    34
         Frozen Ramparts   |       |     7 |    34 |    10 ||    51
         Hailstorm         |       |       |     3 |       ||     3
    Use: Scroll            |       |       |     9 |     3 ||    12
   Stab: Sleeping          |     2 |     6 |       |       ||     8
         Distracted        |     2 |       |       |       ||     2
 Armour: Robe              |    26 |    44 |    72 |    19 ||   161
  Dodge: Dodged            |    62 |   117 |   140 |    51 ||   370
